 Dungeon Crawl Stone Soup version 0.28-a0-819-g6ef7baa362 (webtiles) character file.

Game seed: 4096161530387975154

358 flyleaff the Ducker (level 6, -5/47 HPs)
             Began as a Djinni Transmuter on Nov 9, 2021.
             Killed by miscasting Ice Form (28 damage)
             ... on level 4 of the Dungeon.
             The game lasted 00:13:20 (5097 turns).

flyleaff the Ducker (Djinni Transmuter)             Turns: 5097, Time: 00:13:20

Health: -5/47      AC:  6    Str: 10    XL:     6   Next: 97%
Gold:   325        EV: 14    Int: 15    God:
                   SH:  0    Dex: 14

rFire   + + .      SeeInvis .     - Unarmed
rCold   x . .      Faith    .   (no shield)
rNeg    . . .      Spirit   .   a - +1 robe
rPois   ∞          Reflect  .   (helmet currently unavailable)
rElec   .          Harm     .   (no cloak)
rCorr   .          Rampage  .   e - +2 pair of gloves
Will    .....                   (boots unavailable)
Stlth   +.........              (no amulet)
HPRegen 0.15/turn               (no ring)
MPRegen 0.00/turn               (no ring)

@: appendages (expiring), flying, very slightly contaminated
A: horns 2, flying, sickness immunity, fire resistance 2, cold vulnerability 1,
float, innate caster, hp casting, extra vitality 1
a: End Transformation


You were on level 4 of the Dungeon.
You had temporarily grown beastly horns.
You visited 1 branch of the dungeon, and saw 4 of its levels.
You also visited: Sewer.

You collected 325 gold pieces.

Inventory:

Hand Weapons
 m - a +4 mace of protection
Missiles
 f - 19 poisoned darts
 p - 4 silver javelins (quivered)
Armour
 a - a +1 robe (worn)
 e - a +2 pair of gloves (worn)
 g - the +7 ring mail of Cheibriados's Envy {Drain rC+ Str+8 Stlth+}
   (You found it on level 4 of the Dungeon)

   Str:       It affects your strength (+8).
   rC:        It protects you from cold.
   Drain:     It drains your maximum health when unequipped.
   Stlth:     It makes you more stealthy.
Scrolls
 b - 3 scrolls of immolation
 d - a scroll of blinking
 h - 4 scrolls of teleportation
 j - a scroll of magic mapping
 k - a scroll of identify
 r - a scroll of fog
Potions
 c - 4 potions of heal wounds
 i - 4 potions of curing {unknown}
 l - a potion of ambrosia {unknown}
 o - a potion of haste {unknown}
 q - 2 potions of resistance {unknown}


   Skills:
 - Level 3.7 Fighting
 + Level 0.5 Armour
 - Level 5.6 Dodging
 - Level 3.4 Unarmed Combat
 - Level 2.0 Spellcasting


You couldn't memorise any spells.
You knew the following spells:

 Your Spells              Type           Power      Damage    Failure   Level
a - Beastly Appendage     Tmut           14%        N/A       10%         1
b - Wereblood             Tmut           7%         N/A       14%         2
c - Spider Form           Tmut/Pois      7%         N/A       28%         3
d - Ice Form              Ice/Tmut       7%         N/A       67%         4
e - Animate Skeleton      Necr           14%        N/A       10%         1
f - Passwall              Tmut/Erth      5%         N/A       14%         2
Your spell library was empty.

Dungeon Overview and Level Annotations

Branches:
Dungeon (4/15)              Sewer (visited)
 Temple: D:4-7

Altars:
Nemelex Xobeh
Okawaru
Yredelemnul


Innate Abilities, Weirdness & Mutations

You have temporarily grown beastly horns.
You are flying.
You are immune to sickness and miasma.
You are immune to poison.
Your flesh is very heat resistant. (rF++)
You are vulnerable to cold. (rC-)
You float through the air rather than walking.
You learn spells naturally, not from books.
Your magical power is your life essence.
You have superior vitality. (+4 HP)


Message History

The wight barely misses you.
There is an open door here.
You hit the wight.
The wight is lightly damaged.
The wight closely misses you.
You barely miss the wight.
The wight is lightly damaged.
The wight hits you with a +0 spear!
You barely miss the wight.
The wight is lightly damaged.
The wight misses you.
You barely miss the wight.
The wight is lightly damaged.
The wight hits you but does no damage.
You hit the wight but do no damage.
The wight is lightly damaged.
The wight hits you with a +0 spear.
You hit the wight.
The wight is moderately damaged.
The wight closely misses you.
You hit the wight but do no damage.
The wight is moderately damaged.
The wight hits you with a +0 spear.
You barely miss the wight.
The wight is moderately damaged.
Your transformation is almost over.
The wight hits you with a +0 spear!
You hit the wight but do no damage.
The wight is moderately damaged.
The wight closely misses you.
Okay, then.
Okay, then.
Casting: Beastly Appendage (safe; 10% risk of failure)
Confirm with . or Enter, or press ? or * to list all spells.
The spell is extremely dangerous to cast (67% risk of failure)!
Continue anyway?
You miscast Ice Form.
You are very lightly contaminated with residual magic.
A chill runs through your body!!
You feel a terrible chill!
Ouch! That really hurt!
You die...

#..## ##...#
##..####..### #.#
##..##..## +.+
####.##.### #.#
..........# +.+
###.#...#.# #.#
#..###.#.# ### +.+
##......#.###.###.###
#...#####.....#z@.'.#
....####...######.###
..........## #'#
.#####....# #.# .#
#....# ##.# ##
#....## #..# #.....#
##.## #...#.####..#
#######..#......##


You could see a wight.

Vanquished Creatures
  A black bear (D:4)
  An ogre (D:4)
  A hound (D:4)
  A mummy (D:4)
  4 adders
  6 worms
  A dart slug (D:1)
  10 orcs
  7 ball pythons
  9 bats
  8 endoplasms
  3 giant cockroaches
  5 hobgoblins
  4 jackals (Sewer)
  4 kobolds
  5 quokkas
  8 frilled lizards
  2 goblins (D:1)
  A rat (D:3)
81 creatures vanquished.

Vanquished Creatures (collateral kills)
  A dart slug (D:3)
1 creature vanquished.

Vanquished Creatures (others)
  A fungus (D:2)
  A plant (D:2)
2 creatures vanquished.

Grand Total: 84 creatures vanquished

Notes
Turn   | Place    | Note
-------+----------+-------------------------------------------
     0 | D:1      | flyleaff the Djinni Transmuter began the quest for the Orb.
     0 | D:1      | Reached XP level 1. HP: 17/17 MP: 0/0
   228 | D:1      | Reached XP level 2. HP: 14/23 MP: 0/0
  1024 | D:1      | Reached XP level 3. HP: 14/29 MP: 0/0
  1024 | D:1      | Learned a level 1 spell: Animate Skeleton
  1589 | D:2      | Found a faded altar of an unknown god.
  1670 | D:2      | Reached XP level 4. HP: 34/35 MP: 0/0
  1991 | D:3      | Found an iron altar of Okawaru.
  2071 | D:3      | Found a glowing drain.
  2091 | Sewer    | Entered a sewer
  2787 | Sewer    | Reached XP level 5. HP: 38/41 MP: 0/0
  2787 | Sewer    | Learned a level 2 spell: Passwall
  3437 | D:3      | Found a basalt altar of Yredelemnul.
  3673 | D:3      | Reached skill level 3 in Dodging
  4135 | D:3      | Found a sparkling altar of Nemelex Xobeh.
  4580 | D:4      | Noticed a black bear
  4596 | D:4      | Killed a black bear
  4597 | D:4      | Reached skill level 4 in Dodging
  4597 | D:4      | Reached XP level 6. HP: 31/47 MP: 0/0
  4651 | D:4      | Noticed an ogre
  4659 | D:4      | Killed an ogre
  4660 | D:4      | Reached skill level 5 in Dodging
  4837 | D:4      | Identified the +7 ring mail of Cheibriados's Envy {Drain
                  | rC+ Str+8 Stlth+}
  5097 | D:4      | Killed by miscasting Ice Form

Illustrated notes

Levels and vault maps discovered:
D:1:      ebering_hopf_link, layout_rooms, chequers_serial_rivers_large_a
D:2:      layout_rooms, shapermc_ecumenical_altar_rom_forum, minmay_tetromino_t2
D:3:      layout_basic, mainiacjoe_overflow_swirl, okawaru_ov_weapons_minmay,
          cheibrodos_sewer_entry_bend, minmay_misc_feat_four_crosses
D:4:      layout_rooms, lemuel_mausoleum_altar_kikubaaqudgha, fountainhead

Skill      XL: |  1  2  3  4  5  6 |
---------------+-------------------+-----
Fighting       | 2 3 |  3.7
Spellcasting   | 2 |  2.0
Dodging        | 4 5 |  5.6
Armour         | |  0.5
Unarmed Combat | |  3.4

Action                   |  1- 3 |  4- 6 || total
-------------------------+-------+-------++-------
Melee: Unarmed           |    84 |   201 ||   285
       Headbutt          |     8 |    24 ||    32
       Punch             |     1 |     2 ||     3
Throw: Javelin           |       |     8 ||     8
 Cast: Beastly Appendage |    13 |    28 ||    41
       Spider Form       |       |     4 ||     4
Evoke: Wand              |    12 |     3 ||    15
  Use: Scroll            |       |    16 ||    16
       Potion            |       |     1 ||     1
 Stab: Sleeping          |     2 |     1 ||     3
Armor: Robe              |    22 |    47 ||    69
       Skin              |       |     2 ||     2
Dodge: Dodged            |    61 |   141 ||   202

Table legend: (Time is in decaauts)
 A = Elapsed time spent in this place.
 B = Non-inter-level travel time spent in this place.
 C = Inter-level travel time spent in this place.
 D = Time resting spent in this place.
 E = Time spent auto-exploring this place.
 F = Levels seen in this place.
 G = Mean time per level.
                   A        B        C        D        E       F      G
               +--------+--------+--------+--------+--------+-----+--------+
         Total |   5085 |   4745 |    340 |    161 |   3750 |   5 | 1017.0 |
       Dungeon |   4003 |   3663 |    340 |      0 |   3047 |   4 | 1000.8 |
         Sewer |   1081 |   1081 |      0 |    161 |    703 |   1 | 1081.0 |
               +--------+--------+--------+--------+--------+-----+--------+

Top non-repeatable levels by time:
     D:3: 1324 daAuts
     D:1: 1290 daAuts
   Sewer: 1081 daAuts
     D:4: 750 daAuts
     D:2: 637 daAuts
